 Dungeon Crawl Stone Soup version 0.28-a0-175-gb2089b6bb7 (webtiles) character file.

Game seed: 11855610970953984895

976 Gunterle the Poker (level 7, 0/60 HPs)
             Began as a Demigod Fighter on Aug 17, 2021.
             Slain by Menkaure (7 damage)
             ... on level 6 of the Dungeon.
             The game lasted 00:15:59 (5596 turns).

Gunterle the Poker (Demigod Fighter)                Turns: 5596, Time: 00:16:00

Health: 0/60       AC:  7    Str: 25    XL:     7   Next: 63%
Magic:  9/9        EV:  7    Int: 10    God:
Gold:   54         SH: 10    Dex: 13    Spells: 6/6 levels left

rFire   . . .      SeeInvis +   a - +0 trident
rCold   . . .      Faith    .   c - +1 kite shield
rNeg    . . .      Spirit   .   b - +0 scale mail
rPois   +          Reflect  .   (no helmet)
rElec   .          Harm     .   (no cloak)
rCorr   .          Rampage  .   (no gloves)
Will    .....                   (no boots)
Stlth   ..........              q - amulet of regeneration
HPRegen 1.20/turn               i - ring of see invisible
MPRegen 0.11/turn               d - ring of poison resistance

@: attractive
A: high mp 1, forlorn
a: no special abilities


You were on level 6 of the Dungeon.
You visited 1 branch of the dungeon, and saw 6 of its levels.

You collected 138 gold pieces.
You spent 84 gold pieces at shops.

Inventory:

Hand Weapons
 a - a +0 trident (weapon)
Missiles
 h - 133 stones (quivered)
 u - a curare-tipped dart
 z - 6 boomerangs
Armour
 b - a +0 scale mail (worn)
 c - a +1 kite shield (worn)
 w - a +0 plate armour
Jewellery
 d - a ring of poison resistance (right hand)
 i - a ring of see invisible (left hand)
 q - an amulet of regeneration (around neck)
Wands
 x - a wand of acid (10)
Scrolls
 e - a scroll of teleportation
 f - a scroll of enchant armour
 g - a scroll of noise
 j - 4 scrolls of identify {unknown}
 n - a scroll of amnesia {unknown}
 o - 2 scrolls of magic mapping
 p - a scroll of blinking {unknown}
 v - a scroll of fog {unknown}
 y - a scroll of acquirement {unknown}
Potions
 k - 2 potions of cancellation {unknown}
 l - 2 potions of degeneration
 m - 2 potions of curing
 r - a potion of attraction
 s - a potion of heal wounds {unknown}
 t - 3 potions of flight


   Skills:
 + Level 4.6 Fighting
 * Level 5.5 Polearms
 + Level 4.5 Armour
 + Level 4.5 Shields


You had 6 spell levels left.
You didn't know any spells.
Your spell library contained the following spells:

 Spells                   Type           Power      Damage    Failure   Level
 Inner Flame              Hex/Fire       0%         N/A       100%        3
 Cause Fear               Hex            0%         N/A       100%        4
 Discord                  Hex            0%         N/A       100%        8


Dungeon Overview and Level Annotations

Branches:
Dungeon (6/15)
 Temple: D:4-7

Shops:
D:1 [   D:3 =   D:4 !

Annotations:
D:2 Sigmund
D:3 exclusion: downstairs
D:6 Menkaure


Innate Abilities, Weirdness & Mutations

Your attributes grow dramatically as you level up.
You have an increased reservoir of magic. (+10% MP)
You shall have no god before yourself.


Message History

Found 9 arrows.
Found a stone staircase leading down.
An orc comes into view.
It is wielding a +0 whip of electrocution.
An orc wizard comes into view. It is wielding a +0 short sword.
The orc throws a boomerang.
The boomerang closely misses you.
Menkaure shouts!
You reach to attack!
You hit Menkaure.
Menkaure is lightly damaged.
You hit Menkaure but do no damage.
Menkaure is lightly damaged.
You block Menkaure's attack.
You barely miss Menkaure.
Menkaure is lightly damaged.
Menkaure closely misses you.
You hit Menkaure.
Menkaure is moderately damaged.
Menkaure calls on the powers of darkness!
Your body is wracked with pain!
The orc convulses!
The orc hits you with a +0 whip of electrocution.
You are electrocuted!
* * * LOW HITPOINT WARNING * * *
You feel better. You block Menkaure's attack. You block the orc's attack.
You hit Menkaure but do no damage.
Menkaure is moderately damaged.
The orc hits you but does no damage.
You are electrocuted!
* * * LOW HITPOINT WARNING * * *
Menkaure hits you!
* * * LOW HITPOINT WARNING * * *
You hit Menkaure but do no damage.
Menkaure is moderately damaged.
The orc barely misses you.
Menkaure mumbles some strange words.
Menkaure seems to speed up.
You hit Menkaure but do no damage.
Menkaure is moderately damaged.
You block the orc's attack. Menkaure closely misses you.
Unknown command.
It was a potion of attraction.
You feel attractive to monsters. You block the orc's attack. Menkaure hits you!
You die...

###.....#
#.o.>..(#
#.##....#
#.##.####
#.##.#
####.# .#
#....# .#
#o#### .#
#@## .#
#M.# #..#
#..####
#.....#
#########.#
#.......#.#
#.#####.#.#
#.##....#.#


You could see Menkaure (fast) and an orc.

Vanquished Creatures
  A black bear (D:5)
  2 ogres
  A kobold brigand (D:4)
  A bullfrog (D:4)
  Blork the orc (D:4)
  A scorpion (D:3)
  A water moccasin skeleton (D:5)
  A bullfrog zombie (D:5)
  2 jellies
  A hound (D:4)
  An orc priest (D:4)
  3 iguanas (D:5)
  A scorpion zombie (D:5)
  An orc wizard (D:4)
  A gnoll (D:4)
  2 adders
  A shadow imp (D:5)
  14 orcs
  9 ball pythons
  10 endoplasms
  4 giant cockroaches
  7 goblins
  7 hobgoblins
  8 jackals (D:1)
  10 kobolds
  4 quokkas
  2 bats
  4 frilled lizards
  8 rats
109 creatures vanquished.

Notes
Turn   | Place    | Note
-------+----------+-------------------------------------------
     0 | D:1      | Gunterle the Demigod Fighter began the quest for the Orb.
     0 | D:1      | Reached XP level 1. HP: 18/18 MP: 3/3
    99 | D:1      | Reached skill level 2 in Polearms
   231 | D:1      | Reached XP level 2. HP: 25/25 MP: 4/4
   542 | D:1      | Found Baditij's Antique Armour Shoppe.
   895 | D:2      | Reached XP level 3. HP: 31/31 MP: 5/5
  1213 | D:2      | Noticed Sigmund
  1370 | D:3      | Found Berexke's Jewellery Shoppe.
  2028 | D:3      | Reached XP level 4. HP: 38/38 MP: 6/6
  2795 | D:4      | Noticed a bullfrog
  2814 | D:4      | Killed a bullfrog
  2815 | D:4      | Reached skill level 3 in Polearms
  3224 | D:3      | Reached XP level 5. HP: 33/45 MP: 7/7
  3682 | D:4      | Noticed Blork the orc
  3695 | D:4      | Killed Blork the orc
  3928 | D:3      | Reached skill level 4 in Polearms
  3928 | D:3      | Reached XP level 6. HP: 22/52 MP: 8/8
  4290 | D:4      | Found Neagoofo's Distillery.
  4294 | D:4      | Bought a potion of curing for 36 gold pieces
  4294 | D:4      | Bought a potion of degeneration for 12 gold pieces
  4294 | D:4      | Bought a potion of flight for 36 gold pieces
  4803 | D:5      | Entered Level 5 of the Dungeon
  4870 | D:4      | Reached XP level 7. HP: 55/59 MP: 9/9
  4999 | D:5      | Reached skill level 5 in Polearms
  5517 | D:6      | Noticed Menkaure
  5593 | D:6      | HP: 3/60 [Menkaure (12)]
  5596 | D:6      | Slain by Menkaure

Illustrated notes

Levels and vault maps discovered:
D:1:      wander_arrival_chamber, layout_rooms, serial_shops, shop
D:2:      layout_loops_cross, hellmonk_ecumenical_altar_lost_god,
          corexii_item_surrounded_by_moat, uniq_sigmund
D:3:      layout_basic, serial_aquarium, aquarium_bridge_square
          [aquarium_subvault_wall, aquarium_subvault_bridge,
          aquarium_subvault_balcony, aquarium_subvault_bridge],
          aquarium_window_1, aquarium_window_1, aquarium_window_1,
          aquarium_view_2c, aquarium_pool_2, serial_shops, shop,
          hangedman_abyss_or_decor_stabs, roderic_roman_lattice
D:4:      layout_basic, grunt_temple_overflow_open, serial_shops, shop,
          minmay_pentomino_pile, uniq_blork_the_orc
D:5:      layout_rooms
D:6:      layout_basic, nicolae_benzene_ring, kennysheep_flooded_box,
          serial_park_tiny_pond, uniq_edmund, uniq_eustachio, uniq_menkaure,
          uniq_duvessa

Skill      XL: |  1  2  3  4  5  6  7 |
---------------+----------------------+-----
Polearms       | 2 3 4 5 |  5.5
Armour         | 3 4 |  4.5
Fighting       | 3 4 |  4.6
Shields        | 3 4 |  4.5

Action                   |  1- 3 |  4- 6 |  7- 9 || total
-------------------------+-------+-------+-------++-------
Melee: Trident           |   173 |   169 |   105 ||   447
Throw: Stone             |     2 |    19 |     3 ||    24
  Use: Scroll            |     2 |     2 |       ||     4
       Potion            |       |     1 |     2 ||     3
Armor: Scale mail        |    60 |    53 |    41 ||   154
Dodge: Dodged            |    38 |    48 |    32 ||   118
Block: Kite shield       |    70 |    71 |    44 ||   185

Table legend: (Time is in decaauts)
 A = Elapsed time spent in this place.
 B = Non-inter-level travel time spent in this place.
 C = Inter-level travel time spent in this place.
 D = Time resting spent in this place.
 E = Time spent auto-exploring this place.
 F = Levels seen in this place.
 G = Mean time per level.
                   A        B        C        D        E       F      G
               +--------+--------+--------+--------+--------+-----+--------+
         Total |   5788 |   5529 |    259 |   1853 |   2417 |   6 |  964.7 |
       Dungeon |   5788 |   5529 |    259 |   1853 |   2417 |   6 |  964.7 |
               +--------+--------+--------+--------+--------+-----+--------+

Top non-repeatable levels by time:
     D:3: 2090 daAuts
     D:4: 1620 daAuts
     D:1: 1081 daAuts
     D:5: 592 daAuts
     D:2: 240 daAuts
     D:6: 163 daAuts
